 Dungeon Crawl Stone Soup version 0.26-a0-846-gcc8f1ee719 (webtiles) character file.

Game seed: 11536200238884895959

16 sahdkjhfkaj the Magician (level 2, -6/19 HPs)
             Began as a Mummy Fire Elementalist on Nov 20, 2020.
             Mangled by a gnoll
             ... wielding a +0 flail
              (16 damage)
             ... on level 1 of the Dungeon.
             The game lasted 00:02:19 (1102 turns).

sahdkjhfkaj the Magician (Mummy Fire Elementalist)  Turns: 1102, Time: 00:02:20

Health: -6/19      AC:  2    Str: 11    XL:     2   Next: 41%
Magic:  1/5        EV: 12    Int: 14    God:
Gold:   6          SH:  0    Dex: 12    Spells: 5/6 levels left

rFire    x . .     SeeInvis .   a - +0 dagger
rCold    + . .     Faith    .   (no shield)
rNeg     + + +     Spirit   .   b - +0 robe
rPois    ∞         Reflect  .   (no helmet)
rElec    .         Harm     .   (no cloak)
rCorr    .         Rampage  .   (no gloves)
MR       .....                  (no boots)
Stlth    ++........             (no amulet)
HPRegen  0.06/turn              (no ring)
MPRegen  0.09/turn              (no ring)

@: no status effects
A: no potions, fire vulnerability, cold resistance 1, negative energy resistance
3, torment resistance, unbreathing
a: no special abilities


You were on level 1 of the Dungeon.
You visited 1 branch of the dungeon, and saw 1 of its levels.

You collected 6 gold pieces.

Inventory:

Hand Weapons
 a - a +0 dagger (weapon)
Armour
 b - a +0 robe (worn)
 c - a +0 buckler
Scrolls
 d - a scroll of teleportation {!r, unknown}


   Skills:
 - Level 1.5 Dodging
 - Level 1.5 Stealth
 - Level 2.6 Spellcasting
 + Level 2.0 Conjurations
 - Level 2.4 Fire Magic


You had 5 spell levels left.
You knew the following spells:

 Your Spells              Type           Power        Failure   Level
a - Foxfire               Conj/Fire      #...         9%          1

Your spell library contained the following spells:

 Spells                   Type           Power        Failure   Level
 Conjure Flame            Conj/Fire      #.......     26%         3
 Inner Flame              Hex/Fire       #.......     38%         3
 Sticky Flame             Conj/Fire      #.......     65%         4
 Fireball                 Conj/Fire      #.........   94%         5


Dungeon Overview and Level Annotations

Branches:
Dungeon (1/15)

Altars:


Innate Abilities, Weirdness & Mutations

You do not drink.
Your flesh is vulnerable to fire.
You are immune to poison.
Your flesh is cold resistant. (rC+)
You are immune to negative energy. (rN+++)
You are immune to unholy pain and torment.
You can survive without breathing.


Message History

Casting: Foxfire (safe; 9% risk of failure)
Confirm with . or Enter, or press ? or * to list all spells.
Nothing appears to happen.
The foxfire hits the bat.
You kill the bat!
Unknown command.
The gnoll hits you with a +0 flail!
* * * LOW HITPOINT WARNING * * *
A bat comes into view.
The bat closely misses you. The bat closely misses you.
You hit the bat but do no damage. The bat hits you.
* * * LOW HITPOINT WARNING * * *
You miss the bat. The bat hits you but does no damage.
The gnoll closely misses you. The bat barely misses you. The bat misses you.
You completely miss the bat. The bat misses you.
The gnoll hits you with a +0 flail!
Ouch! That really hurt!
You die...

.....# #..# .....#
##.## #.. .....#
#..# #.. ###### ##.#
#.. ... #.## #.# ...
#..# #.# .... ##.#
#.# ..... # ##'##
#b###..... ####
#...# #@........
...#### #...#
#g........ ......#
#...###.......##
...####
###..##.##.##.#(.
#### ##.##.#...#....
# # #.##......... .#
#.##.#...##.#.##.##
#).#.##.....#.....#
##.#.....#.....##.##


You could see a gnoll and a bat.

Vanquished Creatures
  An ooze (D:1)
  A bat (D:1)
  A goblin (D:1)
  2 hobgoblins (D:1)
  2 jackals (D:1)
  A kobold (D:1)
  A frilled lizard (D:1)
  2 rats (D:1)
11 creatures vanquished.

Vanquished Creatures (others)
  39 foxfires (D:1)
39 creatures vanquished.

Grand Total: 50 creatures vanquished

Notes
Turn   | Place    | Note
-------+----------+-------------------------------------------
     0 | D:1      | sahdkjhfkaj the Mummy Fire Elementalist began the quest for
                  | the Orb.
     0 | D:1      | Reached XP level 1. HP: 13/13 MP: 4/4
    25 | D:1      | Reached skill level 1 in Conjurations
   401 | D:1      | Reached XP level 2. HP: 4/19 MP: 0/5
  1102 | D:1      | Mangled by a gnoll

Illustrated notes

Levels and vault maps discovered:
D:1:      dpeg_arrival_rhombus, layout_basic, hangedman_decor_clover_reticule

Skill      XL: |  1  2 |
---------------+-------+-----
Conjurations   | 1 2 |  2.0
Dodging        | |  1.5
Stealth        | |  1.5
Spellcasting   | |  2.6
Fire Magic     | |  2.4

Action                   || total
-------------------------++-------
Melee: Short sword       ||     9
       Dagger            ||     3
 Cast: Foxfire           ||    24
Armor: Robe              ||     4
Dodge: Dodged            ||    18

Table legend: (Time is in decaauts)
 A = Elapsed time spent in this place.
 B = Non-inter-level travel time spent in this place.
 C = Inter-level travel time spent in this place.
 D = Time resting spent in this place.
 E = Time spent auto-exploring this place.
 F = Levels seen in this place.
 G = Mean time per level.
                   A        B        C        D        E       F      G
               +--------+--------+--------+--------+--------+-----+--------+
         Total |   1101 |   1101 |      0 |    884 |     55 |   1 | 1101.0 |
       Dungeon |   1101 |   1101 |      0 |    884 |     55 |   1 | 1101.0 |
               +--------+--------+--------+--------+--------+-----+--------+

Top non-repeatable levels by time:
     D:1: 1101 daAuts
